[Event "Early-Titled-Tuesday-Blitz-March-26-2024"]
[Site "Chess.com"]
[Date "2024.03.26"]
[Round "6"]
[White "PavelShkapenko"]
[Black "PapaieDudu"]
[Result "1-0"]
[WhiteElo "2755"]
[BlackElo "2445"]
[TimeControl "180+1"]
[EndTime "9:03:25 PDT"]
[Termination "PavelShkapenko won by resignation"]

1. e4 c5 2. Nc3 a6 3. g3 e6 4. Bg2 Nc6 5. d3 Nf6 6. Nge2 d5 7. exd5 exd5 8. Bg5 Be7 9. Bxf6 Bxf6 10. Nxd5 Bxb2 11. Rb1 Be5 12. Nb6 Rb8 13. Nc4 Bc7 14. O-O O-O 15.
Nc3 Be6 16. Bxc6 bxc6 17. Rxb8 Bxb8 18. Ne4 Bh3 19. Re1 Qd5 20. Ne3 Qe5 21. f4 Qd4 22. Qh5 Bc8 23. Qxc5 Qb2 24. Nf5 Be6 25. Ne7+ Kh8 26. Ng6+ fxg6 27. Qxf8+ Bg8 28. Ng5 Ba7+ 29. Kh1 h6 30. Qxg8+ 1-0

[Event "Early-Titled-Tuesday-Blitz-March-26-2024"]
[Site "Chess.com"]
[Date "2024.03.26"]
[Round "6"]
[White "Zampronha1971"]
[Black "DCacheiro"]
[Result "1-0"]
[WhiteElo "2368"]
[BlackElo "2503"]
[TimeControl "180+1"]
[EndTime "9:03:39 PDT"]
[Termination "Zampronha1971 won by checkmate"]

1. e4 c5 2. Nf3 d6 3. d4 cxd4 4. Nxd4 Nf6 5. Nc3 a6 6. Bg5 e6 7. f4 Be7 8. Qf3 Qc7 9. O-O-O Nbd7 10. Bd3 h6 11. Bh4 g5 12. e5 dxe5 13. Nxe6 fxe6 14. Bg6+ Kf8 15. fxg5 hxg5 16. Bxg5 Kg7 17. Qg3 Qd8 18. Kb1 Nh5 19. Bxh5 Bxg5 20. Bf3 Kf7 21. Be4 Bf6 22. h4 Qg8 23. Qf3 Ke7 24. h5 Rb8 25. Bg6 Qg7 26. Ne4 Rf8 27. Qa3+ Kd8 28. Qd6 Ra8 29. Qxe6 Qe7 30.
Qb6# 1-0

[Event "Early-Titled-Tuesday-Blitz-March-26-2024"]
[Site "Chess.com"]
[Date "2024.03.26"]
[Round "6"]
[White "ploxoi"]
[Black "karinachess1"]
[Result "1-0"]
[WhiteElo "2429"]
[BlackElo "2597"]
[TimeControl "180+1"]
[EndTime "9:03:43 PDT"]
[Termination "ploxoi won by resignation"]

1. d4 Nf6 2. c4 e6 3. g3 d5 4. Nf3 dxc4 5. Bg2 Nc6 6. O-O Rb8 7. Bg5 h6 8. Bxf6 Qxf6 9. e3 b5 10. Qc1 Bb7 11. b3 Nb4 12. bxc4 Bxf3 13. Bxf3 Qxf3 14. a3 Nc6 15. Nd2 Qe2 16. cxb5 Qxb5 17. Rb1 Qd5 18. Rxb8+ Nxb8 19. Qxc7 Qd8 20. Qxa7 Bd6 21. Qa4+ Nd7 22. Nc4 Bc7 23. Rb1 O-O 24. Rb7 Nf6 25. Qc6 Ba5 26. a4 Qa8 27. Qb5 Bc3 28. a5 Rc8 29. a6 Bxd4 30. exd4 Ne8 31. Nb6 Rc1+ 32. Kg2 Qd8 33. Qd7 Qf6 34. Qxe8+ Kh7 35. Qxf7 Qxd4 36. Qxg7+ Qxg7 37. Rxg7+ Kxg7 38. a7 1-0

[Event "Early-Titled-Tuesday-Blitz-March-26-2024"]
[Site "Chess.com"]
[Date "2024.03.26"]
[Round "6"]
[White "ChempionBg"]
[Black "kritipatel"]
[Result "0-1"]
[WhiteElo "2347"]
[BlackElo "2211"]
[TimeControl "180+1"]
[EndTime "9:03:43 PDT"]
[Termination "kritipatel won on time"]

1. d4 d5 2. c4 e6 3. Nf3 Nf6 4. g3 Be7 5. Bg2 O-O 6. O-O dxc4 7. Qc2 a6 8. Qxc4 b5 9. Qc2 Bb7 10. Nc3 Nc6 11. Rd1 Nb4 12. Qb3 Nbd5 13. Bg5 Nxc3 14.
bxc3 Bd5 15. Qc2 c5 16. dxc5 Qc7 17. Nd2 Bxg2 18. Kxg2 Qxc5 19. Be3 Qc6+ 20. f3 Rac8 21. Rac1 Nd5 22. Bd4 Bf6 23. Bf2 Nxc3 24. Nb3 Nxd1 25. Qxc6 Rxc6 26. Rxc6 Nc3 27. Rxa6 Nxe2 28. Bc5 Rc8 29.
Kf2 Nc3 30. a3 h6 31. f4 Nd5 32. Kf3 Nc7 33. Rc6 Bd8 34. Bb6 Kf8 0-1

[Event "Early-Titled-Tuesday-Blitz-March-26-2024"]
[Site "Chess.com"]
[Date "2024.03.26"]
[Round "6"]
[White "Golubovsky"]
[Black "rhwr"]
[Result "0-1"]
[WhiteElo "2496"]
[BlackElo "2326"]
[TimeControl "180+1"]
[EndTime "9:03:44 PDT"]
[Termination "rhwr won on time"]

1. e4 c5 2. Nf3 d6 3. d4 cxd4 4. Nxd4 Nf6 5. Nc3 e5 6. Bb5+ Bd7 7. Bxd7+ Qxd7 8. Nf5 d5 9. Bg5 Nxe4 10. Nxe4 dxe4 11.
Qxd7+ Nxd7 12. O-O-O f6 13. Bh4 g5 14. Bg3 h5 15. h4 g4 16. Rhe1 Nc5 17. Re3 a5 18. Kb1 Rd8 19. Rxd8+ Kxd8 20. Bh2 Rh7 21. Bg1 Rd7 22.
Kc1 b5 23. a3 b4 24. axb4 axb4 25. f3 exf3 26. gxf3 gxf3 27. Rxf3 Kc7 28. Be3 Kc6 29. b3 Ne4 30. Ng3 Nc3 31. Rxf6+ Kb5 32. Bd2 Na2+ 33. Kd1 Bg7 34. Rf5 Rd5 35. Nxh5 Bh6 0-1

[Event "Early-Titled-Tuesday-Blitz-March-26-2024"]
[Site "Chess.com"]
[Date "2024.03.26"]
[Round "6"]
[White "Kirill_Klukin"]
[Black "xasid81"]
[Result "1-0"]
[WhiteElo "2833"]
[BlackElo "2587"]
[TimeControl "180+1"]
[EndTime "9:03:46 PDT"]
[Termination "Kirill_Klukin won by resignation"]

1. d4 d5 2. c4 c6 3. Nf3 Nf6 4. Nbd2 e6 5. e3 Nbd7 6. Bd3 Bd6 7.
O-O O-O 8. e4 dxe4 9. Nxe4 Nxe4 10. Bxe4 Nf6 11. Bc2 h6 12. b3 b6 13. Bb2 Bb7 14. Qd3 Re8 15. Rad1 g6 16. Nh4 g5 17. Ng6 c5 18. dxc5 Be4 19. Qxd6 Qxd6 20. Rxd6 Bxc2 21. Bxf6 Bxg6 22. c6 Rac8 23. b4 a6 24. b5 axb5 25. cxb5 e5 26. Re1 Re6 27. Rxe6 fxe6 28. Bxe5 Bd3 29.
a4 Bc2 30. Ra1 Ra8 31. a5 Bd3 32. axb6 1-0

[Event "Early-Titled-Tuesday-Blitz-March-26-2024"]
[Site "Chess.com"]
[Date "2024.03.26"]
[Round "6"]
[White "amiralfio"]
[Black "GMAneta"]
[Result "0-1"]
[WhiteElo "2734"]
[BlackElo "2575"]
[TimeControl "180+1"]
[EndTime "9:03:46 PDT"]
[Termination "GMAneta won on time"]

1. c4 Nf6 2. Nf3 g6 3. Nc3 Bg7 4. e4 O-O 5. d4 d6 6. h3 c5 7. d5 e6 8. Bd3 exd5 9. exd5 Re8+ 10. Be3 Bh6 11. O-O Bxe3 12. fxe3 Rxe3 13. Qd2 Qe7 14.
Rae1 Rxe1 15. Rxe1 Qf8 16. Qf4 Nbd7 17. Nb5 Ne8 18.
Rxe8 Qxe8 19. Nc7 Qd8 20. Nxa8 Nf6 21. Ng5 Kg7 22. Qh4 h6 23. Ne4 g5 24. Nxg5 hxg5 25. Qxg5+ Kf8 26. Nc7 a6 27. Qh6+ Ke7 28.
g4 Qxc7 29. g5 Nd7 30. g6 Qd8 31. g7 Nf6 32. Qh8 Qg8 33. Bh7 Qd8 34. h4 Bg4 35. Kf2 Bh5 0-1

[Event "Early-Titled-Tuesday-Blitz-March-26-2024"]
[Site "Chess.com"]
[Date "2024.03.26"]
[Round "6"]
[White "Matrix3x3a"]
[Black "ckgchess"]
[Result "1-0"]
[WhiteElo "2625"]
[BlackElo "2906"]
[TimeControl "180+1"]
[EndTime "9:03:50 PDT"]
[Termination "Matrix3x3a won by checkmate"]

1. d4 Nf6 2. c4 g6 3. Nc3 Bg7 4. Nf3 O-O 5. Bg5 d6 6. e3 h6 7. Bh4 Nbd7 8. Be2 e5 9. Qc2 Re8 10. O-O g5 11. Bg3 Nh5 12. Rfd1 Nxg3 13. hxg3 exd4 14.
Nxd4 Nc5 15. b4 Ne6 16. Nf5 Bf8 17. c5 a5 18. cxd6 cxd6 19. Bb5 Bd7 20. Bxd7 Qxd7 21. Nd5 Qd8 22. a3 axb4 23. axb4 Rxa1 24. Rxa1 Bg7 25.
Rd1 Be5 26. Nxh6+ Kf8 27. Qh7 Bg7 28. Qg8# 1-0

[Event "Early-Titled-Tuesday-Blitz-March-26-2024"]
[Site "Chess.com"]
[Date "2024.03.26"]
[Round "6"]
[White "GaiozNigalidze"]
[Black "ChelsieMonica"]
[Result "0-1"]
[WhiteElo "2714"]
[BlackElo "2556"]
[TimeControl "180+1"]
[EndTime "9:03:50 PDT"]
[Termination "ChelsieMonica won by resignation"]

1. d4 Nf6 2. c4 b6 3. Nc3 Bb7 4. d5 e5 5. a3 g6 6. g3 Bg7 7. Bg2 O-O 8. e4 d6 9. Nf3 Bc8 10. b4 a5 11. Bb2 Na6 12. Qb3 Bd7 13. O-O Qc8 14. Rfe1 Bh3 15. Bh1 h5 16. Nb5 Qg4 17. Nh4 Qc8 18. Qc3 g5 19. Nf3 Nh7 20. Bc1 Qd8 21.
Bd2 f5 22. exf5 Bxf5 23. Qe3 Bf6 24. Bc3 g4 25. Nd2 Bg5 26. Qe2 Nf6 27. bxa5 bxa5 28. Bxa5 Rf7 29. Be4 Bxd2 30. Bxf5 Bxa5 31. Rf1 Nc5 32.
f3 Rg7 33. fxg4 Nxg4 34. Rab1 Qg5 35. Bc2 Qe3+ 36. Qxe3 Nxe3 37. Bf5 Nxf1 0-1

[Event "Early-Titled-Tuesday-Blitz-March-26-2024"]
[Site "Chess.com"]
[Date "2024.03.26"]
[Round "6"]
[White "babyking1205"]
[Black "mishanick"]
[Result "1-0"]
[WhiteElo "2639"]
[BlackElo "3062"]
[TimeControl "180+1"]
[EndTime "9:03:51 PDT"]
[Termination "babyking1205 won on time"]

1. e4 c5 2. Nf3 d6 3. d4 cxd4 4.
Nxd4 Nf6 5. Nc3 a6 6. Qe2 e5 7.
Nf5 d5 8. Bg5 d4 9. O-O-O Nc6 10. f4 Qa5 11. fxe5 dxc3 12. exf6 g6 13. Rd5 Qxa2 14.
bxc3 Bd7 15. Ng7+ Kd8 16. Qd3 Nb8 17. Qd4 Kc8 18. Kd2 Nc6 19. Qb6 Be6 20. Nxe6 fxe6 21. Be2 Bb4 22. cxb4 1-0

[Event "Early-Titled-Tuesday-Blitz-March-26-2024"]
[Site "Chess.com"]
[Date "2024.03.26"]
[Round "6"]
[White "mortngabriel"]
[Black "Kunalm64"]
[Result "0-1"]
[WhiteElo "2486"]
[BlackElo "2635"]
[TimeControl "180+1"]
[EndTime "9:03:52 PDT"]
[Termination "Kunalm64 won by resignation"]

1. d4 Nf6 2. Nf3 e6 3. c4 Bb4+ 4. Bd2 a5 5. g3 b6 6. Bg2 Bb7 7. O-O Bxd2 8. Qxd2 O-O 9. Nc3 d6 10. Rfe1 Ne4 11. Nxe4 Bxe4 12. Qc3 Nd7 13. b3 Qe7 14. a3 h6 15. b4 axb4 16. axb4 c5 17. Nd2 Bxg2 18. Kxg2 f5 19. e3 e5 20. dxc5 dxc5 21. bxc5 Nxc5 22. Nb3 Ne4 23. Qd3 Rad8 24. Qc2 Ng5 25.
c5 bxc5 26. Nxc5 Rc8 27. Qb3+ Kh8 28. h4 Rxc5 29. hxg5 Qxg5 30. Rac1 Rxc1 31. Rxc1 f4 32. exf4 exf4 33. Qf3 Kg8 34. Ra1 fxg3 35. Qxg3 Qd5+ 36. Kh2 Rf3 37. Qg2 Qe5+ 38. Kh1 Qxa1+ 0-1

[Event "Early-Titled-Tuesday-Blitz-March-26-2024"]
[Site "Chess.com"]
[Date "2024.03.26"]
[Round "6"]
[White "InitiatingASC"]
[Black "Aslanov_Umid"]
[Result "1-0"]
[WhiteElo "2372"]
[BlackElo "2613"]
[TimeControl "180+1"]
[EndTime "9:03:53 PDT"]
[Termination "InitiatingASC won by resignation"]

1. d4 d5 2. c4 e6 3. cxd5 exd5 4. Nc3 Nf6 5. Nf3 c6 6. Bg5 Be7 7. Qc2 g6 8. e3 Bf5 9. Bd3 Bxd3 10. Qxd3 Nbd7 11.
O-O O-O 12. Rab1 a5 13. a3 a4 14. Qc2 Qa5 15. Ne5 Rfe8 16. f4 Nxe5 17. fxe5 Nd7 18.
Qf2 Bxg5 19. Qxf7+ Kh8 20. Qxd7 Bxe3+ 21. Kh1 Qd8 22.
Qxb7 Qe7 23. Qxc6 Bxd4 24. Nxd5 Qxe5 25. Nf6 Rac8 26. Qd7 Qe7 27. Qxd4 1-0

[Event "Early-Titled-Tuesday-Blitz-March-26-2024"]
[Site "Chess.com"]
[Date "2024.03.26"]
[Round "6"]
[White "SpeedofLight0"]
[Black "PeshkaCh"]
[Result "0-1"]
[WhiteElo "3059"]
[BlackElo "2870"]
[TimeControl "180+1"]
[EndTime "9:03:54 PDT"]
[Termination "PeshkaCh won by checkmate"]

1. d4 Nf6 2. Nc3 d5 3. Bf4 c5 4. e3 a6 5. Nf3 Nc6 6. Ne5 cxd4 7. exd4 e6 8. Nxc6 bxc6 9. Na4 Bd6 10. Bxd6 Qxd6 11. Bd3 O-O 12. O-O e5 13. dxe5 Qxe5 14. Qe1 Qf4 15. Qa5 Ng4 16. g3 Qh6 17. h4 Ne5 18. Be2 Bg4 19. Bxg4 Nxg4 20. Rae1 f5 21. Re7 f4 22. Qc7 Qf6 23. Rfe1 fxg3 24. Qxg3 Qxf2+ 25. Qxf2 Rxf2 26. Rc7 Raf8 27. Ree7 Kh8 28. Nb6 Rf1+ 29.
Kg2 R8f2+ 30. Kh3 h5 31. Rxg7 Rh1+ 32. Kg3 Rg1+ 33. Kh3 Rh2# 0-1

[Event "Early-Titled-Tuesday-Blitz-March-26-2024"]
[Site "Chess.com"]
[Date "2024.03.26"]
[Round "6"]
[White "lagunanivaria"]
[Black "arenal72"]
[Result "0-1"]
[WhiteElo "2456"]
[BlackElo "2617"]
[TimeControl "180+1"]
[EndTime "9:03:55 PDT"]
[Termination "arenal72 won by resignation"]

1. e3 Nf6 2. d4 d5 3. c4 e6 4.
Nc3 a6 5. Nf3 dxc4 6. Bxc4 b5 7.
Be2 Bb7 8. O-O Nbd7 9. a3 c5 10. b3 Be7 11. Bb2 O-O 12. Rc1 Qb6 13. dxc5 Nxc5 14.
b4 Ncd7 15. Qb3 Rfd8 16. Rfd1 Rac8 17. Bf1 h6 18. Be2 Nd5 19. h3 N7f6 20. Nd4 Nxc3 21. Bxc3 Bd5 22. Qb1 Ne4 23. Ba1 Bh4 24. f3 Rxc1 25.
Qxc1 Nd6 26. Qc5 Qb7 27. Nb3 Bxb3 28. Rxd6 Rc8 29. Qd4 Bf6 30. Qd3 Bc4 31. Qd1 Bxe2 32. Qxe2 Bxa1 33. f4 Qc7 34. Kh2 Qxd6 0-1

[Event "Early-Titled-Tuesday-Blitz-March-26-2024"]
[Site "Chess.com"]
[Date "2024.03.26"]
[Round "6"]
[White "balack95"]
[Black "NelsonLinda"]
[Result "1/2-1/2"]
[WhiteElo "2463"]
[BlackElo "2651"]
[TimeControl "180+1"]
[EndTime "9:03:56 PDT"]
[Termination "Game drawn by repetition"]

1. d4 Nf6 2. c4 g6 3. Nc3 Bg7 4. e4 d6 5. h3 O-O 6. Be3 e5 7. d5 Nbd7 8. g4 Nc5 9. f3 a5 10. Qd2 c6 11. O-O-O cxd5 12. cxd5 Bd7 13. Kb1 Rb8 14.
Bb5 Qe8 15. Qe2 Qe7 16. h4 h5 17. Bxc5 dxc5 18. d6 Qd8 19. g5 Bxb5 20. Qxb5 Nd7 21. Nd5 b6 22. Ne7+ Kh7 23. Nc6 Qc8 24. Nxb8 Nxb8 25.
d7 Qc7 26. Rh2 Rd8 27. Rhd2 Bf8 28. Ne2 Nc6 29. f4 Nd4 30. Nxd4 exd4 31. f5 Rxd7 32. Rf1 Bd6 33. fxg6+ fxg6 34. Rdf2 Be5 35. Qxd7+ Qxd7 36. Rf7+ Qxf7 37. Rxf7+ Kg8 38. Rb7 Bg3 39. Rxb6 Kf7 40. Rb5 Bxh4 41. Rxc5 Bg3 42. Kc2 h4 43. Kd3 h3 44. Rxa5 h2 45. Ra7+ Kg8 46. Ra8+ Kg7 47. Ra7+ Kg8 48. Ra8+ Kg7 49. Ra7+ Kg8 1/2-1/2

[Event "Early-Titled-Tuesday-Blitz-March-26-2024"]
[Site "Chess.com"]
[Date "2024.03.26"]
[Round "6"]
[White "NewYearGirl"]
[Black "LeRoidesChampions"]
[Result "0-1"]
[WhiteElo "2437"]
[BlackElo "2678"]
[TimeControl "180+1"]
[EndTime "9:03:56 PDT"]
[Termination "LeRoidesChampions won by resignation"]

1. e4 Nf6 2. e5 Nd5 3. c4 Nb6 4.
d4 d6 5. f4 g6 6. Nc3 Bg7 7.
Be3 O-O 8. Rc1 Nc6 9. b3 dxe5 10.
fxe5 h5 11. Be2 Bf5 12. Nf3 e6 13. h3 Qe7 14. O-O Rad8 15. Qe1 f6 16. Qg3 fxe5 17. dxe5 Nd7 18. Bg5 Qc5+ 19. Kh1 Rde8 20. Na4 Qa3 21. Bf6 Nxf6 22. exf6 Rxf6 23. Nh4 Qxa2 24. Nxf5 exf5 25. Bf3 Kh7 26. Rcd1 Qxb3 27. Nc5 Qxc4 28. Nxb7 Ne5 29. Rfe1 f4 30. Qg5 Nxf3 31. gxf3 Rxe1+ 32. Rxe1 Qc6 33. Re7 Qxf3+ 34. Kh2 Rf5 35. Rxg7+ Kxg7 36. Qe7+ Kh6 37. Nd8 Qf2+ 38. Kh1 f3 39. Nf7+ Rxf7 0-1

[Event "Early-Titled-Tuesday-Blitz-March-26-2024"]
[Site "Chess.com"]
[Date "2024.03.26"]
[Round "6"]
[White "DmitriiZakurdaev"]
[Black "azikom"]
[Result "0-1"]
[WhiteElo "2411"]
[BlackElo "2613"]
[TimeControl "180+1"]
[EndTime "9:04:02 PDT"]
[Termination "azikom won by resignation"]

1. d4 d5 2. c4 e6 3. Nc3 c6 4. Nf3 dxc4 5. a4 Bb4 6. e3 b5 7.
axb5 cxb5 8. Bd2 Bxc3 9. Bxc3 Bb7 10. b3 a5 11. bxc4 b4 12. Bb2 Nf6 13. Bd3 O-O 14. O-O Nbd7 15. Bc2 Qc7 16. Nd2 e5 17. Bb3 exd4 18.
exd4 Rfe8 19. Re1 Rxe1+ 20. Qxe1 Re8 21. Qf1 Ng4 22. g3 h6 23. Bd1 Ngf6 24. Bf3 Bxf3 25. Nxf3 Ra8 26. d5 a4 27. Nd4 a3 28. Nb5 Qa5 29. Bd4 Qa4 30. Qc1 Ne4 31. Qf4 Ng5 32. Qf5 Nf8 33. h4 Ngh7 34. Nd6 Qd7 35. Qe5 Nf6 36. Nf5 Ng6 37. Qe3 Qxf5 0-1

[Event "Early-Titled-Tuesday-Blitz-March-26-2024"]
[Site "Chess.com"]
[Date "2024.03.26"]
[Round "6"]
[White "KevinGeorgeMicheal"]
[Black "venturov"]
[Result "1-0"]
[WhiteElo "2421"]
[BlackElo "2515"]
[TimeControl "180+1"]
[EndTime "9:04:06 PDT"]
[Termination "KevinGeorgeMicheal won by checkmate"]

1. Nf3 g6 2. g3 Bg7 3. Bg2 e5 4. e4 Ne7 5. O-O O-O 6. Nc3 c5 7. d3 d6 8. Nd2 Nbc6 9. Nc4 h6 10. f4 Be6 11. Be3 Rc8 12. Qd2 Kh7 13. Rf2 b6 14.
Raf1 d5 15. exd5 Nxd5 16. Nxd5 Bxd5 17. Bxd5 Qxd5 18. fxe5 Rce8 19. Nd6 Rxe5 20. Nxf7 Rxe3 21. Qxe3 Qd4 22. Qe6 Nd8 23. Nxd8 Rxd8 24. Kg2 Qxb2 25. Qe7 Qd4 26. Rf7 Qd5+ 27. Qe4 Qxe4+ 28. dxe4 Kg8 29. Rxa7 Rd4 30. Rff7 Be5 31. Rfe7 Rxe4 32. Re8# 1-0

[Event "Early-Titled-Tuesday-Blitz-March-26-2024"]
[Site "Chess.com"]
[Date "2024.03.26"]
[Round "6"]
[White "PawnEatingZombie"]
[Black "mertfelin"]
[Result "0-1"]
[WhiteElo "2191"]
[BlackElo "2412"]
[TimeControl "180+1"]
[EndTime "9:04:06 PDT"]
[Termination "mertfelin won by resignation"]

1. e4 e5 2. Nf3 Nc6 3. Nc3 Nf6 4. Bb5 Nd4 5. O-O Nxb5 6. Nxb5 d6 7. d3 Be7 8. h3 c6 9. Nc3 O-O 10. Re1 Re8 11. d4 exd4 12. Qxd4 h6 13. b3 Qa5 14. Bb2 Be6 15. Rad1 Qh5 16. e5 dxe5 17. Rxe5 Qg6 18.
Re2 Rad8 19. Qf4 Nh5 20. Qh2 Bf6 21. Ne5 Qg5 22. Rd3 Nf4 23. h4 Nxe2+ 24. Nxe2 Qxh4 25.
Qxh4 Bxh4 26. Nf4 Rxd3 27. Nfxd3 Bf6 28. f4 Bf5 29. g4 Bxd3 30. cxd3 Bxe5 31. fxe5 Rd8 32.
Kf2 Rxd3 0-1

[Event "Early-Titled-Tuesday-Blitz-March-26-2024"]
[Site "Chess.com"]
[Date "2024.03.26"]
[Round "6"]
[White "leoduarte"]
[Black "WilsonPalencia21"]
[Result "0-1"]
[WhiteElo "2403"]
[BlackElo "2592"]
[TimeControl "180+1"]
[EndTime "9:04:07 PDT"]
[Termination "WilsonPalencia21 won on time"]

1. d4 Nf6 2. Bf4 d5 3. Nf3 c5 4.
e3 Nc6 5. Nbd2 Qb6 6. dxc5 Qxb2 7. Rb1 Qc3 8. Bb5 e6 9. O-O Be7 10. e4 O-O 11. e5 Nd7 12. Nb3 Qb4 13. Nbd4 Qxc5 14.
Re1 Nxd4 15. Nxd4 Qc7 16. Rb3 g6 17. Rh3 Nc5 18. Qg4 Bd7 19. Bg5 Bxg5 20. Qxg5 Bxb5 21. Nxb5 Qa5 22. Nc3 f6 23. exf6 Rf7 24. Rf1 Qd8 25. Rf3 Nd7 26. Re1 Nf8 27. h4 Rc8 28. h5 Qa5 29. Ne2 Qxe1+ 0-1

[Event "Early-Titled-Tuesday-Blitz-March-26-2024"]
[Site "Chess.com"]
[Date "2024.03.26"]
[Round "6"]
[White "PepeCuenca"]
[Black "Cobysters"]
[Result "0-1"]
[WhiteElo "2736"]
[BlackElo "2578"]
[TimeControl "180+1"]
[EndTime "9:04:08 PDT"]
[Termination "Cobysters won on time"]

1. d4 Nf6 2. Bf4 e6 3. e3 Be7 4. Nd2 O-O 5. c3 b6 6. h3 Bb7 7. Ngf3 c5 8. Bd3 d6 9. Qe2 Nbd7 10. O-O Re8 11. Bh2 Bf8 12. e4 e5 13. d5 g6 14. g4 Bg7 15. Ne1 a6 16. a4 h5 17.
Ng2 hxg4 18. hxg4 Nh7 19. Ne3 Ng5 20. Kg2 f6 21. Nf3 Nxf3 22. Qxf3 Kf7 23. Bg3 Rh8 24. g5 Rh5 25. Nf5 Qf8 26. Nxg7 Qxg7 27. gxf6 Qxf6 28. Qxf6+ Nxf6 29. Rh1 Rah8 30. f3 Rxh1 31. Rxh1 Rxh1 32. Kxh1 Nh5 33. Bh4 Nf4 34. Bf1 Bc8 35. Bd8 Bd7 36. Bxa6 Bxa4 37. Bxb6 Bd1 38. Kg1 Bxf3 39. c4 Bxe4 40.
Kf2 Bd3 41. Ke3 Nxd5+ 42. Kxd3 Nxb6 43. Ke4 Kf6 44. Bb5 Kg5 45. b3 Kh4 46. Be8 g5 47. Kf5 g4 48. Bc6 g3 49. Ke6 d5 50. cxd5 g2 51. d6 g1=Q 52. d7 Qg5 53. Kd6 Qd8 54. Kxe5 Nxd7+ 55. Ke6 Nb6 56. Ke5 Qd3 0-1

[Event "Early-Titled-Tuesday-Blitz-March-26-2024"]
[Site "Chess.com"]
[Date "2024.03.26"]
[Round "6"]
[White "CURRUTACO59"]
[Black "Iskusnyh"]
[Result "0-1"]
[WhiteElo "2280"]
[BlackElo "2625"]
[TimeControl "180+1"]
[EndTime "9:04:08 PDT"]
[Termination "Iskusnyh won on time"]

1. Nf3 d5 2. d4 Nf6 3. c4 e6 4. Nc3 c6 5. e3 a6 6. Bd3 dxc4 7.
Bxc4 b5 8. Be2 c5 9. O-O Nbd7 10. dxc5 Bxc5 11. a3 Bb7 12. b4 Be7 13. Bb2 O-O 14. Qb3 Qb8 15. h3 Rc8 16. Rac1 Nb6 17. Rfd1 Nfd5 18.
Nxd5 Bxd5 19. Rxc8+ Qxc8 20. Qc3 Qxc3 21. Bxc3 Rc8 22. Bd4 Nc4 23. Rc1 Rd8 24. Rc3 f6 25.
a4 Bxb4 26. Rb3 a5 27. axb5 e5 28. Ba1 Nb6 29. Rb1 Kf7 30. Ne1 Be4 31. Rc1 Rd2 32.
Bf3 Bxf3 33. Nxf3 Ra2 34. Nh4 a4 35. Nf5 Kg6 36. e4 a3 0-1

[Event "Early-Titled-Tuesday-Blitz-March-26-2024"]
[Site "Chess.com"]
[Date "2024.03.26"]
[Round "6"]
[White "RebelJohnny"]
[Black "Aradhya2000"]
[Result "1/2-1/2"]
[WhiteElo "2560"]
[BlackElo "2741"]
[TimeControl "180+1"]
[EndTime "9:04:09 PDT"]
[Termination "Game drawn by repetition"]

1. e4 e5 2. Nf3 Nc6 3. Nc3 Nf6 4.
d4 Bb4 5. Nxe5 Bxc3+ 6. bxc3 Qe7 7. Nxc6 Qxe4+ 8. Qe2 dxc6 9. Bg5 Qxe2+ 10. Bxe2 Ne4 11. Bd2 Be6 12. f3 Nxd2 13. Kxd2 O-O-O 14. Kc1 c5 15. Rd1 Rd6 16. dxc5 Rc6 17. Kb2 Rxc5 18. Rd4 a5 19. Rad1 h5 20. a3 h4 21. f4 c6 22. a4 g6 23. Bf3 Kc7 24. Be4 Rb8 25. Bd3 Rh5 26. Be2 Rhh8 27. c4 Rhd8 28. Rxd8 Rxd8 29. Rxd8 Kxd8 30. c5 Ke7 31. Kc3 Kf6 32. Bd3 g5 33.
g3 gxf4 34. gxf4 Bf5 35. Bc4 Be4 36. Bb3 Kf5 37. Bxf7 Kxf4 38. Be6 Kf3 39. Bc8 Kg2 40. h3 Kg3 41. Kd2 Bg2 42. Ke3 Bxh3 43. Bxh3 Kxh3 44.
Kf3 Kh2 45. Kf2 Kh3 46. Kf3 Kh2 47. Kf2 Kh1 48. Kf1 Kh2 49. Kf2 1/2-1/2

[Event "Early-Titled-Tuesday-Blitz-March-26-2024"]
[Site "Chess.com"]
[Date "2024.03.26"]
[Round "6"]
[White "Rashad_Zeynalli"]
[Black "ACollins05"]
[Result "1-0"]
[WhiteElo "2686"]
[BlackElo "2515"]
[TimeControl "180+1"]
[EndTime "9:04:09 PDT"]
[Termination "Rashad_Zeynalli won on time"]

1. d4 d5 2. Bf4 Nf6 3. e3 e6 4. Nf3 Bd6 5. Ne5 O-O 6. Bd3 c5 7. c3 Qc7 8. Nd2 Nbd7 9. Ndf3 c4 10. Bc2 b5 11. g4 Ne4 12. g5 a5 13. Rg1 b4 14. Rc1 bxc3 15. bxc3 Rb8 16. Nxd7 Bxd7 17. Bxe4 dxe4 18. Bxd6 Qxd6 19. Ne5 Qd5 20. Rb1 Ba4 21. Qc1 Rfc8 22. Kf1 Be8 23. Kg2 f6 24. gxf6 gxf6 25. Kh1+ Kh8 26. Qa3 Bg6 27. Nxg6+ hxg6 28. Qe7 Qf5 29. Rbf1 Rb2 30. Rg2 Rcb8 31. h4 Rb1 32. Rxb1 Rxb1+ 33. Kh2 Rf1 34. Qd8+ Kh7 35. Qc7+ Kh6 36. Qb8 Kh7 37. Qg3 Ra1 38. Qc7+ Kh6 39.
Qxc4 Rf1 40. Qxf1 Qh5 41. Rg3 1-0

[Event "Early-Titled-Tuesday-Blitz-March-26-2024"]
[Site "Chess.com"]
[Date "2024.03.26"]
[Round "6"]
[White "pfalcon1949"]
[Black "GMJustin"]
[Result "0-1"]
[WhiteElo "2049"]
[BlackElo "2347"]
[TimeControl "180+1"]
[EndTime "9:04:09 PDT"]
[Termination "GMJustin won on time"]

1. e4 c5 2. Nf3 d6 3. d4 cxd4 4. Nxd4 Nf6 5. Nc3 a6 6. h3 b5 7. a4 b4 8. Nd5 e6 9. Nxf6+ Qxf6 10. Be2 Bb7 11. Qd3 Nd7 12. O-O Nc5 13. Qc4 d5 14.
exd5 Bxd5 15. Qxb4 Nb3 16. Qxb3 Bxb3 17. Nxb3 Be7 18.
c3 O-O 19. Be3 Rab8 20. Bd1 Rfd8 21. Bc2 Qe5 22. Rfe1 Qc7 23. a5 Qc4 24. Bb6 Rd5 25. Re4 Qc6 26. Rae1 g6 27. Nd4 Qd7 28. g3 Bc5 29.
Bxc5 Rxc5 30. Nb3 Rcb5 31. Rd4 Qc7 0-1

[Event "Early-Titled-Tuesday-Blitz-March-26-2024"]
[Site "Chess.com"]
[Date "2024.03.26"]
[Round "6"]
[White "Byniolus"]
[Black "Russian_berezka"]
[Result "0-1"]
[WhiteElo "2740"]
[BlackElo "2580"]
[TimeControl "180+1"]
[EndTime "9:04:10 PDT"]
[Termination "Russian_berezka won on time"]

1. d4 g6 2. Nf3 Bg7 3. Bf4 b6 4. e3 Bb7 5. h3 Nf6 6. Be2 O-O 7. O-O d6 8. a4 Nbd7 9. a5 bxa5 10. c3 c5 11. Nbd2 Re8 12. Qa4 e5 13. dxe5 dxe5 14. Bh2 e4 15. Ne1 Nb6 16. Qc2 a4 17. Nc4 Bd5 18. Nd6 Re6 19. Nb5 Bb3 20. Qc1 Ne8 21. Nc2 a6 22. Rd1 Qe7 23. Nba3 Be5 24. Bxe5 Rxe5 25.
Nb1 Rd8 26. Rxd8 Qxd8 27. Nd2 a5 28. Na3 Nd6 29. Qf1 Re7 30. Nab1 Rd7 31. Nxb3 axb3 32. Rxa5 Nbc4 33. Rxc5 Nxb2 34. Nd2 Qb6 35. Rd5 Qb7 36. c4 Na4 37. Qa1 Qb4 38. Nb1 b2 39. Qa2 Nc3 40.
Nxc3 Qxc3 41. Kh2 Rb7 42. Rd1 Qc1 0-1

[Event "Early-Titled-Tuesday-Blitz-March-26-2024"]
[Site "Chess.com"]
[Date "2024.03.26"]
[Round "6"]
[White "Slovineanu"]
[Black "newyorkmouse"]
[Result "0-1"]
[WhiteElo "2527"]
[BlackElo "2714"]
[TimeControl "180+1"]
[EndTime "9:04:11 PDT"]
[Termination "newyorkmouse won by resignation"]

1. d4 Nf6 2. Nf3 c5 3. d5 e6 4. Nc3 exd5 5. Nxd5 Nxd5 6. Qxd5 Be7 7. e4 d6 8. Bc4 O-O 9. O-O Nd7 10. Qd3 a6 11. a4 Ne5 12. Nxe5 dxe5 13. Bd5 Kh8 14. Be3 Rb8 15. a5 f5 16. exf5 Bxf5 17. Qc4 Bxc2 18.
Rfc1 Bg6 19. Bxc5 Rc8 20. b4 Rf4 21. Qb3 Bxc5 22. bxc5 Qf8 23. Bxb7 Rxc5 24. Bxa6 Rxf2 25. Rxc5 Qxc5 26. Kh1 Be4 27. Bf1 h6 28. a6 Qa5 29. Rd1 Kh7 30. Qe3 Rf4 31. a7 Qa4 32. Re1 Qa2 33. Kg1 Rxf1+ 0-1